 Dungeon Crawl Stone Soup version 0.20.1-1-g8b1a95d (webtiles) character file.

165939 polve the Fencer (level 17, -5/135 HPs)
             Began as a Demonspawn Berserker on Aug 1, 2017.
             Was the Champion of Trog.
             Slain by a naga mage (13 damage)
             ... on level 4 of the Snake Pit.
             The game lasted 00:59:31 (34927 turns).

polve the Fencer (Demonspawn Berserker)            Turns: 34927, Time: 00:59:33

Health: -5/135     AC: 29    Str: 32    XL:     17   Next: 28%
Magic:  23/23      EV: 18    Int: 11    God:    Trog [******]
Gold:   1231       SH: 17    Dex: 19    Spells: 16/16 levels left

rFire    + + +     SeeInvis +   a - +9 double sword (elec)
rCold    + + .     Gourm    .   u - +2 shield of Resistance {rF+ rC+ MR+}
rNeg     . . .     Faith    .   U - +1 ring mail "Githrine" {rPois Str+3}
rPois    +         Spirit   .   D - +1 hat of Loss {*Drain +Inv rF+++ Str+2}
rElec    +         Reflect  .   F - +2 cloak {+Inv}
rCorr    .         Harm     .   L - +2 pair of gloves {Str+3}
MR       +++..                  e - +0 pair of boots
Stlth    +.........             K - amulet of regeneration
Regen    0.8/turn               N - ring of ice
MPRegen  0.2/turn               P - ring of the Four Allies {+Fly rElec Str+3 Dex+3 SInv}

@: lethally poisoned (-5 -> -6), sanguine armour, berserk cooldown, slowed,
constricted, very slow
A: horns 1, talons 2, clever 1, fire resistance 1, magic resistance 1, powered
by pain 2, shaggy fur 1, electricity resistance, evolution 1, flame cloud
immunity, sanguine armour 3
a: Berserk, Trog's Hand, Brothers in Arms, Burn Spellbooks, Renounce Religion,
Evoke Invisibility, Evoke Flight


You were on level 4 of the Snake Pit.
You worshipped Trog.
Trog was exalted by your worship.
You were very hungry.

You visited 3 branches of the dungeon, and saw 25 of its levels.
You visited 1 bazaar.
You also visited: Labyrinth and Bailey.

You collected 1972 gold pieces.
You spent 741 gold pieces at shops.

Inventory:

Hand Weapons
 a - a +9 double sword of electrocution (weapon)
 b - a +4 scimitar of flaming
 w - a +3 antimagic demon blade
Armour
 e - a +0 pair of boots (worn)
 u - the +2 shield of Resistance (worn) {rF+ rC+ MR+}
   (You found it on level 6 of the Lair of Beasts)

   It protects you from fire.
   It protects you from cold.
   It affects your resistance to hostile enchantments.
 D - the +1 hat of Loss (worn) {*Drain +Inv rF+++ Str+2}
   (You acquired it on level 6 of the Lair of Beasts)

   It affects your strength (+2).
   It renders you almost immune to fire.
   It lets you turn invisible.
   It causes draining when unequipped.
 F - a +2 cloak of invisibility (worn)
 L - a +2 pair of gloves of strength (worn)
 R - the +5 ring mail "Athic" {+Inv rCorr Str-2}
   (You found it on level 4 of the Snake Pit)

   It affects your strength (-2).
   It lets you turn invisible.
   It protects you from acid and corrosion.
 U - the +1 ring mail "Githrine" (worn) {rPois Str+3}
   (You found it on level 15 of the Dungeon)

   It affects your strength (+3).
   It protects you from poison.
Jewellery
 K - an amulet of regeneration (around neck)
 N - a ring of ice (left hand)
 P - the ring of the Four Allies (right hand) {+Fly rElec Str+3 Dex+3 SInv}
   (You bought it in a shop in a bazaar)

   [ring of flight]

   It affects your strength (+3).
   It affects your dexterity (+3).
   It insulates you from electricity.
   It lets you see invisible.
   It lets you fly.
Wands
 m - a wand of acid (10/15)
 G - a wand of disintegration (5/24)
 O - a wand of random effects (26/48)
Scrolls
 g - 4 scrolls of magic mapping
 h - 8 scrolls of remove curse
 p - 2 scrolls of recharging
 q - 3 scrolls of fear
 r - 2 scrolls of brand weapon
 v - 3 scrolls of blinking
 y - a scroll of silence {unknown}
 z - a scroll of torment {unknown}
 H - 5 scrolls of immolation
 I - 6 scrolls of fog
 J - 3 scrolls of enchant armour
 M - 2 scrolls of summoning
 S - 2 scrolls of teleportation
Potions
 d - 5 potions of mutation
 f - 9 potions of curing
 i - 4 potions of haste
 k - 5 potions of might
 l - 2 potions of invisibility
 n - 4 potions of agility
 o - 3 potions of flight
 s - a potion of brilliance {unknown}
 x - 4 potions of heal wounds
 A - 3 potions of ambrosia
 E - 2 potions of resistance
 Q - a potion of cancellation {unknown}
Comestibles
 c - 17 bread rations
 j - 5 royal jellies
 t - a fruit
 B - 5 meat rations


   Skills:
 - Level 12.8 Fighting
 - Level 16.0 Long Blades
 - Level 8.0 Armour
 - Level 12.0 Dodging
 + Level 14.2 Shields
 + Level 8.7 Evocations


You had 16 spell levels left.
You didn't know any spells.

Dungeon Overview and Level Annotations

Branches:
Dungeon (15/15)            Temple (0/1) D:7            Lair (6/6) D:11
  Swamp (0/4) Lair:2        Snake (4/4) Lair:2        Slime (0/5) Lair:6
    Orc (0/2) D:10         Vaults (0/5) D:14         Depths (0/5) D:15

Altars:
Ashenzari
Cheibriados
Elyvilon
Fedhas
Kikubaaqudgha
Okawaru
Ru
Sif Muna
Trog
Uskayaw
Yredelemnul

Shops:
D:6 [   D:8 }   Snake:1 }[(

Annotations:
Snake:4 Vashnia


Innate Abilities, Weirdness & Mutations

You have razor-sharp toenails.
Your flesh is heat resistant. (rF+)
You sometimes gain power by taking damage.
You are immune to clouds of flame.
When seriously injured, your bleeding wounds create very thick armour. (AC +12)
You have a pair of small horns on your head.
Your mind is acute. (Int +2)
You are resistant to hostile enchantments. (MR+)
You are covered in fur. (AC +1)
You are resistant to electric shocks. (rElec)
You evolve.


Message History

The naga mage constricts you.
The naga mage hits you but does no damage.
The nagaraja hits you with a whip!
* * * LOW HITPOINT WARNING * * *
The anaconda bites you.
* * * LOW HITPOINT WARNING * * *
The naga sharpshooter mumbles some strange words.
The naga sharpshooter magically shoots a bolt.
You block the bolt.
The salamander mystic completely misses you.
You riposte.
You slice the salamander mystic!!
Lightning courses through the salamander mystic!
You kill the salamander mystic!
Trog accepts your kill.
Trog appreciates your killing of a magic user.
The naga mage spits poison at you. The splash of poison hits you! You resist.
The naga mage constricts you.
The nagaraja hits you but does no damage.
The naga mage hits you!
You die...

..###../## ....##...##
..........# .##.......##
.##........##
#..#).......####
<..........(...###
...............N(### #.
....)..........)@S(## #(..
...............NNN..##....
......#..##..(.....##S...
.......#..##.))(..##...#
...#.####...#..(N##...#
....## ##......N#...#
...... ##....#.)..# ......
##...#.†).# ......
.....#.#...#


You could see Vashnia, a nagaraja, a naga sharpshooter, an anaconda, a naga
ritualist and 2 naga magi.

Vanquished Creatures
  The ghost of bgiannan the Severer, an adept MiFi of the Shining One (Snake:4)
  6 nagarajas
  Nessos (D:14)
  3 dire elephants
  The ghost of Agrougrou the Cleaver, a journeyman FoFi of Okawaru (D:13)
  An ettin (D:15)
  A minotaur (Lab)
  The ghost of Agrougrou the Cleaver, a journeyman FoFi of Okawaru (D:10)
  2 fire dragons
  4 ogre magi
  The ghost of NorthaanB the Spear-Bearer, a journeyman BaSk of Okawaru (D:9)
  10 naga warriors
  2 catoblepae (Lair:6)
  7 hydras
  7 centaur warriors
  Erica (Lair:2)
  9 anacondas
  8 death yaks
  2 dancing weapons (D:14)
  A tengu warrior (D:15)
  9 two-headed ogres
  4 shock serpents
  19 naga sharpshooters
  A sea snake (Snake:2)
  3 salamander mystics
  3 unseen horrors
  5 skeletal warriors (D:14)
  A deep troll (D:15)
  A swamp dragon (Lair:6)
  5 naga ritualists
  An orange crystal statue (D:15)
  Pikel (D:7)
  A lindwurm (Lair:6)
  8 mana vipers
  4 ugly things
  An orc sorcerer (Bailey)
  3 orc knights
  2 manticores (Lair:6)
  8 salamanders
  Joseph (D:10)
  Maurice (D:8)
  18 elephants
  2 centaur zombies
  A guardian serpent (Snake:2)
  11 naga magi
  An ice statue (D:15)
  3 centaur skeletons
  35 black mambas
  3 torpor snails
  7 spiny frogs
  7 rime drakes
  4 kobold demonologists
  11 komodo dragons
  3 trolls
  A polar bear (Lair:5)
  A hornet (Lair:3)
  3 meliai (D:15)
  A polar bear (shapeshifter) (D:13)
  25 blink frogs
  10 slime creatures
  2 dream sheep (Lair:6)
  2 spriggans
  10 hippogriffs
  A centaur simulacrum (D:10)
  Sigmund (D:2)
  2 shadows
  59 yaks
  3 wraiths (D:11)
  A water elemental (D:12)
  Eustachio (D:5)
  4 basilisks
  2 wyverns (D:10)
  3 hungry ghosts
  3 steam dragons
  2 vampire mosquitoes (D:13)
  47 nagas
  A warg (D:15)
  11 water moccasins
  3 acid dragons
  2 sky beasts
  10 porcupines
  An ice beast (D:14)
  19 orc warriors
  A black bear (D:8)
  3 necrophages
  11 ogres
  12 centaurs
  12 wolves
  2 phantoms
  11 crocodiles
  17 bullfrogs
  4 big kobolds
  A wyvern zombie (D:5)
  A hornet simulacrum (D:10)
  3 scorpions
  8 wights
  3 killer bees (D:12)
  10 howler monkeys
  7 electric eels
  3 crimson imps
  2 bullfrog zombies (D:9)
  2 quasits
  9 hounds
  5 jellies
  12 orc priests
  2 bullfrog skeletons
  Jessica (D:2)
  12 orc wizards
  Ijyb (D:3)
  5 iguanas
  4 hell rats (Lair:5)
  13 worker ants
  A killer bee zombie (D:10)
  A hound zombie (D:6)
  2 hound skeletons
  A howler monkey zombie (D:5)
  2 worker ant zombies
  20 gnolls
  A howler monkey skeleton (D:4)
  14 adders
  3 shadow imps
  A howler monkey simulacrum (D:10)
  3 white imps (D:10)
  2 oozes (D:5)
  An adder skeleton (D:6)
  An adder zombie (D:5)
  4 worms
  4 dart slugs
  5 leopard geckos
  54 orcs
  A ball python (D:7)
  2 giant cockroaches
  14 goblins
  15 hobgoblins
  8 jackals (D:1)
  3 quokkas
  6 bats
  7 frilled lizards
  22 kobolds
  A leopard gecko skeleton (D:7)
  A leopard gecko zombie (D:6)
  3 rats
868 creatures vanquished.

Vanquished Creatures (others)
  A human (D:7)
  An iguana (Lair:6)
  A ball lightning (Bailey)
  An orc (Bailey)
  A fire vortex (Lair:6)
  40 fungi
  2 plants (Lair:3)
47 creatures vanquished.

Grand Total: 915 creatures vanquished

Notes
Turn   | Place    | Note
-------+----------+-------------------------------------------
     0 | D:1      | polve the Demonspawn Berserker began the quest for the Orb.
     0 | D:1      | Reached XP level 1. HP: 18/18 MP: 1/1
   247 | D:1      | Reached skill level 3 in Long Blades
   310 | D:1      | Gained mutation: Your flesh is heat resistant. (rF+) [demonic ancestry]
   310 | D:1      | Reached XP level 2. HP: 15/24 MP: 2/2
   581 | D:1      | Gained mutation: You sometimes gain a little power by taking damage. [demonic ancestry]
   581 | D:1      | Reached XP level 3. HP: 4/29 MP: 3/3
  1153 | D:1      | Reached skill level 4 in Long Blades
  1647 | D:2      | Noticed Jessica
  1661 | D:2      | Reached ** piety under Trog
  1663 | D:2      | Killed Jessica
  1663 | D:2      | Gained mutation: When seriously injured, your bleeding wounds create armour. (AC +12) [demonic ancestry]
  1663 | D:2      | Reached XP level 4. HP: 27/35 MP: 4/4
  1842 | D:2      | Noticed Sigmund
  1855 | D:2      | Killed Sigmund
  1855 | D:2      | Reached skill level 6 in Long Blades
  1855 | D:2      | Reached XP level 5. HP: 41/41 MP: 5/5
  2378 | D:2      | Found a deep blue altar of Sif Muna.
  2494 | D:3      | Gained mutation: You have sharp toenails. [demonic ancestry]
  2494 | D:3      | Reached XP level 6. HP: 41/47 MP: 6/6
  2915 | D:3      | Noticed Ijyb
  2929 | D:3      | Killed Ijyb
  3302 | D:4      | Reached skill level 7 in Long Blades
  3323 | D:4      | Reached *** piety under Trog
  3438 | D:4      | Gained mutation: You sometimes gain power by taking damage. [demonic ancestry]
  3438 | D:4      | Reached XP level 7. HP: 52/52 MP: 7/7
  3552 | D:4      | Found a basalt altar of Yredelemnul.
  3860 | D:4      | Reached skill level 8 in Long Blades
  4369 | D:4      | Found a white marble altar of Elyvilon.
  4399 | D:5      | Entered Level 5 of the Dungeon
  4867 | D:5      | Gained mutation: You have razor-sharp toenails. [demonic ancestry]
  4867 | D:5      | Reached XP level 8. HP: 43/58 MP: 8/8
  4971 | D:5      | Reached skill level 9 in Long Blades
  5000 | D:5      | Noticed Eustachio
  5032 | D:5      | Killed Eustachio
  5523 | D:5      | Found a blossoming altar of Fedhas.
  5669 | D:5      | Reached skill level 10 in Long Blades
  5952 | D:5      | Reached **** piety under Trog
  6130 | D:6      | Found Miubofej's Armour Shop.
  6135 | D:6      | Gained mutation: You are dopey. (Int -2) [mutagenic meat]
  6136 | D:6      | Gained mutation: You are robust. (+10% HP) [mutagenic meat]
  6137 | D:6      | Gained mutation: You evolve. [mutagenic meat]
  6138 | D:6      | Gained mutation: You are covered in fur. (AC +1) [mutagenic meat]
  6577 | D:6      | Found an iron altar of Okawaru.
  6581 | D:6      | Found a bloodstained altar of Trog.
  6741 | D:6      | Found a shattered altar of Ashenzari.
  6810 | D:6      | Reached XP level 9. HP: 64/71 MP: 9/9
  7079 | D:7      | Found a staircase to the Ecumenical Temple.
  7255 | D:7      | Noticed Pikel
  7278 | D:7      | Killed Pikel
  7278 | D:7      | Reached skill level 5 in Fighting
  7536 | D:7      | Reached skill level 5 in Armour
  7597 | D:7      | Reached skill level 5 in Dodging
  7602 | D:7      | Received a gift from Trog
  7742 | D:7      | Found an ancient bone altar of Kikubaaqudgha.
  8157 | D:8      | Found Gyihof's Gadget Shoppe.
  8168 | D:8      | Found a flagged portal.
  8196 | Bailey   | Entered a bailey
  8254 | Bailey   | Found an iron altar of Okawaru.
  8254 | Bailey   | Noticed a kobold demonologist
  8254 | Bailey   | Noticed an orc sorcerer
  8272 | Bailey   | Reached XP level 10. HP: 83/83 MP: 10/10
  8281 | Bailey   | Paralysed by an orc sorcerer for 2 turns
  8290 | Bailey   | Noticed a rust devil
  8290 | Bailey   | Killed an orc sorcerer
  8431 | Bailey   | Reached ***** piety under Trog
  8520 | Bailey   | Reached skill level 11 in Long Blades
  8560 | Bailey   | Noticed an orc knight
  8569 | Bailey   | Killed an orc knight
  9305 | D:8      | Reached skill level 12 in Long Blades
  9493 | D:8      | Noticed Maurice
  9504 | D:8      | Killed Maurice
  9651 | D:8      | Found a hide-covered altar of Uskayaw.
  9791 | D:8      | Lost mutation: You are robust. (+10% HP) [evolution]
 10125 | D:9      | Found a snail-covered altar of Cheibriados.
 10128 | D:9      | Found a sacrificial altar of Ru.
 10131 | D:9      | Found a shattered altar of Ashenzari.
 10251 | D:9      | Noticed a two-headed ogre
 10257 | D:9      | Killed a two-headed ogre
 10350 | D:9      | Noticed NorthaanB's ghost (journeyman BaSk)
 10375 | D:9      | Killed NorthaanB's ghost
 10375 | D:9      | Reached skill level 13 in Long Blades
 10375 | D:9      | Reached XP level 11. HP: 58/81 MP: 11/11
 10892 | D:10     | Entered Level 10 of the Dungeon
 10934 | D:10     | Noticed Agrougrou's ghost (journeyman FoFi)
 10954 | D:10     | Killed Agrougrou's ghost
 11106 | D:10     | Noticed Joseph
 11120 | D:10     | Killed Joseph
 11219 | D:10     | Reached skill level 14 in Long Blades
 11804 | D:10     | Found a staircase to the Orcish Mines.
 11805 | D:10     | Lost mutation: You are dopey. (Int -2) [evolution]
 11988 | D:10     | Killed an unseen horror
 12278 | D:11     | Received a gift from Trog
 12322 | D:11     | Reached ****** piety under Trog
 12364 | D:11     | Found a labyrinth entrance.
 12373 | Lab      | Entered a labyrinth
 14007 | Lab      | Paralysed by fainting for 5 turns
 16559 | Lab      | Noticed a minotaur
 16566 | Lab      | Killed a minotaur
 16566 | Lab      | Reached XP level 12. HP: 89/89 MP: 12/12
 16581 | Lab      | Got a distressingly furry scale mail
 16581 | Lab      | Got a polished helmet
 16592 | Lab      | Identified the +0 helmet of the Jabberwock {MR- Str+4 Int+8} (You found it in a labyrinth)
 16613 | Lab      | Identified the +1 scale mail of Ruphiep {Int+3} (You found it in a labyrinth)
 16791 | D:6      | Bought a +1 buckler of poison resistance for 162 gold pieces
 17008 | D:11     | Reached skill level 1 in Shields
 17182 | D:11     | Noticed a two-headed ogre
 17191 | D:11     | Killed a two-headed ogre
 17428 | D:11     | Found a staircase to the Lair.
 17437 | Lair:1   | Entered Level 1 of the Lair of Beasts
 17443 | Lair:1   | Noticed a five-headed hydra
 17460 | D:11     | Killed a seven-headed hydra
 18322 | Lair:2   | Found a staircase to the Snake Pit.
 18494 | Lair:2   | Noticed Erica
 18537 | Lair:2   | Killed Erica
 19094 | Lair:2   | Found a staircase to the Swamp.
 19752 | Lair:3   | Gained mutation: When seriously injured, your bleeding wounds create thick armour. (AC +12) [demonic ancestry]
 19752 | Lair:3   | Reached XP level 13. HP: 99/99 MP: 13/13
 19896 | Lair:3   | Noticed a dire elephant
 19926 | Lair:3   | Killed a dire elephant
 19962 | Lair:3   | Gained mutation: You have a pair of small horns on your head. [evolution]
 20289 | Lair:3   | Received a gift from Trog
 20923 | Lair:4   | Reached skill level 10 in Fighting
 21986 | Lair:5   | Reached skill level 10 in Dodging
 23153 | Lair:5   | Gained mutation: Your mind is acute. (Int +2) [evolution]
 23558 | Lair:6   | Entered Level 6 of the Lair of Beasts
 23684 | Lair:6   | Reached XP level 14. HP: 112/113 MP: 14/14
 25045 | Lair:6   | Found a staircase to the Slime Pits.
 25059 | Lair:6   | Received a gift from Trog
 25177 | Lair:6   | Got an ancient hat
 25188 | Lair:6   | Identified the +1 hat of Loss {*Drain +Inv rF+++ Str+2} (You acquired it on level 6 of the Lair of Beasts)
 25405 | Lair:6   | HP: 5/116 [poisoned by a swamp dragon (poison gas)]
 25410 | Lair:6   | HP: 4/116 [poisoned by a swamp dragon (poison gas)]
 25415 | Lair:6   | HP: 4/116 [poisoned by a swamp dragon (poison gas)]
 25587 | Lair:6   | Identified the Grimoire of Unstable Summoning
 25643 | Lair:6   | Reached skill level 5 in Shields
 26990 | D:13     | Gained mutation: You are resistant to electric shocks. (rElec) [evolution]
 27186 | D:13     | Reached XP level 15. HP: 95/122 MP: 15/15
 27263 | D:13     | Noticed Agrougrou's ghost (journeyman FoFi)
 27278 | D:13     | Killed Agrougrou's ghost
 27381 | D:13     | Received a gift from Trog
 27893 | D:14     | Found a gate to the Vaults.
 27920 | D:14     | Noticed Nessos
 27938 | D:14     | Killed Nessos
 28180 | D:14     | Reached skill level 15 in Long Blades
 28363 | D:14     | Reached skill level 10 in Shields
 28632 | D:15     | Entered Level 15 of the Dungeon
 28781 | D:15     | Got a dazzling ring mail
 28792 | D:15     | Identified the +1 ring mail "Githrine" {rPois Str+3} (You found it on level 15 of the Dungeon)
 28909 | D:15     | Received a gift from Trog
 28987 | D:15     | Found a staircase to the Depths.
 29043 | D:15     | Found a bloodstained altar of Trog.
 29349 | D:15     | Found a hide-covered altar of Uskayaw.
 29619 | Snake:1  | Entered Level 1 of the Snake Pit
 29692 | Snake:1  | Found Koxt's Gadget Emporium.
 29700 | Snake:1  | Found Ylerhasa's Antique Armour Shoppe.
 29916 | Snake:1  | Received a gift from Trog
 30465 | Snake:1  | Found Asentaov's Weapon Boutique.
 30646 | Snake:1  | Gained mutation: When seriously injured, your bleeding wounds create very thick armour. (AC +12) [demonic ancestry]
 30646 | Snake:1  | Reached XP level 16. HP: 129/129 MP: 16/16
 30952 | Snake:2  | Reached skill level 16 in Long Blades
 31090 | Snake:2  | Found a flickering gateway to a bazaar.
 31110 | Bazaar   | Entered a bazaar
 31263 | Bazaar   | Found Quff's General Store.
 31271 | Bazaar   | Found Qoseam's Jewellery Shop.
 31312 | Bazaar   | Found Farink's Assorted Antiques.
 31320 | Bazaar   | Found Duasemen's Jewellery Boutique.
 31377 | Bazaar   | Bought the ring of the Four Allies {+Fly rElec Str+3 Dex+3 SInv} for 579 gold pieces
 31469 | Snake:2  | Reached skill level 1 in Evocations
 32855 | Snake:3  | Reached skill level 5 in Evocations
 32859 | Snake:3  | Received a gift from Trog
 33621 | Snake:3  | Gained mutation: You are resistant to hostile enchantments. (MR+) [evolution]
 33659 | Snake:3  | Got a translucent arbalest
 33988 | Snake:3  | Gained mutation: You are immune to clouds of flame. [demonic ancestry]
 33988 | Snake:3  | Reached XP level 17. HP: 104/135 MP: 22/22
 34484 | Snake:4  | Entered Level 4 of the Snake Pit
 34616 | Snake:4  | Noticed bgiannan's ghost (adept MiFi)
 34633 | Snake:4  | Killed bgiannan's ghost
 34844 | Snake:4  | Got a dazzling ring mail
 34855 | Snake:4  | Identified the +5 ring mail "Athic" {+Inv rCorr Str-2} (You found it on level 4 of the Snake Pit)
 34891 | Snake:4  | Received a gift from Trog
 34907 | Snake:4  | Noticed Vashnia
 34927 | Snake:4  | Slain by a naga mage

Skill      XL: |  1  2  3  4  5  6  7  8  9 10 11 12 13 14 15 16 17 |
---------------+----------------------------------------------------+-----
Long Blades    | 3 4 6 7 8 10 13 14 15 16 | 16.0
Armour         | 3 5 6 8 |  8.0
Dodging        | 3 5 6 8 10 12 | 12.0
Fighting       | 4 6 8 11 12 | 12.8
Shields        | 4 8 11 13 14 | 14.2
Evocations     | 7 8 |  8.7

Action                   |  1- 3 |  4- 6 |  7- 9 | 10-12 | 13-15 | 16-18 || total
-------------------------+-------+-------+-------+-------+-------+-------++-------
Melee: Falchion          |   107 |   128 |   420 |       |       |       ||   655
       Kick              |       |    20 |   193 |   355 |    56 |       ||   624
       Scimitar          |       |       |    77 |   588 |   810 |       ||  1475
       Great sword       |       |       |       |    72 |       |       ||    72
       Long sword        |       |       |       |   202 |       |       ||   202
       Headbutt          |       |       |       |       |   367 |   159 ||   526
       Demon blade       |       |       |       |       |    36 |       ||    36
       Double sword      |       |       |       |       |   358 |   480 ||   838
Invok: Berserk           |     3 |     4 |    16 |    12 |    11 |     4 ||    50
       Burn Spellbooks   |       |       |       |       |     4 |       ||     4
Evoke: Wand              |       |       |       |     2 |       |     1 ||     3
  Use: Scroll            |       |     1 |     8 |    24 |    11 |     2 ||    46
 Stab: Petrified         |       |       |       |       |     9 |       ||     9
       Petrifying        |       |       |       |       |     2 |       ||     2
  Eat: Chunk             |     4 |    10 |    34 |    37 |    38 |    15 ||   138
       Fruit             |       |       |       |     9 |     2 |     4 ||    15
       Meat ration       |       |       |       |     3 |     1 |       ||     4
Armor: Animal skin       |    17 |       |       |       |       |       ||    17
       Chain mail        |       |    46 |       |   180 |   486 |       ||   712
       Scale mail        |       |    13 |   150 |   122 |       |       ||   285
       Ring mail         |       |       |       |       |    18 |    97 ||   115
Dodge: Dodged            |    72 |    55 |   232 |   330 |   718 |   226 ||  1633
Block: Buckler           |       |       |    55 |   132 |   184 |       ||   371
       Shield            |       |       |       |       |   395 |   417 ||   812
       Rpst.: Falchion   |    20 |    25 |    53 |       |       |       ||    98
       Scimitar          |       |       |     8 |    48 |   117 |       ||   173
       Great sword       |       |       |       |    10 |       |       ||    10
       Long sword        |       |       |       |    31 |       |       ||    31
       Demon blade       |       |       |       |       |     8 |       ||     8
       Double sword      |       |       |       |       |    24 |    38 ||    62
